 Dungeon Crawl Stone Soup version 0.31-a0-202-g547052bce9 (webtiles) character file.

Game seed: 5518151626083316085

63 qw the Shooter (level 3, -5/20 HPs)
             Began as a Deep Elf Hunter on June 26, 2023.
             Slain by a black bear (6 damage)
             ... on level 3 of the Dungeon.
             The game lasted 00:00:30 (1892 turns).

qw the Shooter (Deep Elf Hunter)                    Turns: 1892, Time: 00:00:31

Health: -5/20      AC:  7    Str: 10    XL:     3   Next: 89%
Magic:  5/5        EV: 11    Int: 13    God:
Gold:   90         SH:  0    Dex: 18    Spells: 2/2 levels left

rFire   . . .        Y - +0 shortbow
rCold   . . .        (shield currently unavailable)
rNeg    . . .        d - +0 ring mail
rPois   .            (no helmet)
rElec   .            h - +0 cloak
rCorr   .            e - +0 pair of gloves
SInv    .            (no boots)
Will    .....        (no amulet)
Stlth   +            (no ring)
HPRegen 0.23/turn    (no ring)
MPRegen 0.09/turn

%: no passive effects
@: no status effects
A: no striking features
a: no special abilities


You were on level 3 of the Dungeon.
You visited 1 branch of the dungeon, and saw 3 of its levels.

You collected 90 gold pieces.


   Skills:
 - Level 1.5 Fighting
 + Level 7.3 Ranged Weapons
 - Level 2.4 Dodging
 - Level 1.2 Stealth


You had 2 spell levels left.
You didn't know any spells.
Your spell library was empty.

Inventory:

Hand Weapons
 Y - a +0 shortbow (weapon)
Armour
 d - a +0 ring mail (worn)
 e - a +0 pair of gloves (worn)
 h - a +0 cloak (worn)
Jewellery
 f - a +5 ring of evasion
Scrolls
 a - 2 scrolls of identify
Potions
 b - a potion of lignification {unknown}
 c - a potion of enlightenment {unknown}
 g - a potion of curing
 i - a potion of invisibility {unknown}
 j - a potion of resistance {unknown}

Dungeon Overview and Level Annotations

Branches:
Dungeon (3/15)

Altars:


Message History

The rat is severely wounded.
You shoot an arrow. The arrow barely misses the rat.
You shoot an arrow. The arrow barely misses the rat.
You shoot an arrow. The arrow hits the rat.
You kill the rat!
f - a +5 ring of evasion
Enter note:
Enter note:
Found a stone staircase leading up.
Enter note:
Enter note:
Enter note: A black bear comes into view.
The black bear growls angrily.
The black bear moves out of view.
Enter note:
Enter note:
Enter note:
Enter note:
Enter note:
Enter note: You shoot an arrow.
The arrow barely misses the black bear.
You shoot an arrow. The arrow hits the black bear!
The black bear is moderately wounded.
You shoot an arrow. The arrow hits the black bear!
The black bear is heavily wounded.
You shoot an arrow. The arrow hits the black bear!
The black bear is severely wounded.
The black bear bites you but does no damage.
The black bear claws you but does no damage.
The black bear claws you.
The black bear goes berserk!
You shoot an arrow.
The arrow completely misses the black bear.
The black bear bites you!
Ouch! That really hurt!
The black bear claws you. The black bear barely misses you.
You shoot an arrow. The arrow hits the black bear!
The black bear is almost dead.
The black bear bites you. The black bear claws you.
You die...

.... #.............#
#...
....#...#.###.#.....
#... .#...####.#
..#### #...
..........# ...# #
#... .##.....##
..... #.#...
.....#..# #...#
#.....
####.#.###....#
###... #.....h# #...
###..@.# ...###
#<...# ...... #....#
...### #....# #.
#....# #.######.
....!. #........
.#.....# ###..###.
..#####.# #.. #. .
#.


You could see a black bear (berserk).

Vanquished Creatures
  2 adders (D:2)
  A dart slug (D:2)
  A worm (D:2)
  An orc (D:2)
  5 bats (D:1)
  3 endoplasms
  3 giant cockroaches (D:1)
  2 goblins
  2 hobgoblins (D:1)
  8 kobolds
  3 quokkas
  3 ball pythons (D:2)
  6 rats
40 creatures vanquished.

Notes
Turn   | Place    | Note
-------+----------+-------------------------------------------
     0 | D:1      | qw the Deep Elf Hunter began the quest for the Orb.
     0 | D:1      | Reached XP level 1. HP: 12/12 MP: 3/3
     0 | D:1      | 0 ||| qw: Version: 0.3-a-22-g0ed2b0b
     0 | D:1      | 0 ||| qw: Game counter: 5894
     0 | D:1      | 0 ||| qw: Melee chars always use a shield: true
     0 | D:1      | 0 ||| qw: God list: Okawaru
     0 | D:1      | 0 ||| qw: Allow faded altars: false
     0 | D:1      | 0 ||| qw: Do Orc after clearing Dungeon:15 true
     0 | D:1      | 0 ||| qw: Do second Lair branch before Depths: true
     0 | D:1      | 0 ||| qw: Lair rune preference: random
     0 | D:1      | 0 ||| qw: Goals: Normal
     0 | D:1      | 0 ||| PLANNING D:1-11
    85 | D:1      | Reached XP level 2. HP: 16/16 MP: 4/4
    96 | D:1      | Reached skill level 6 in Ranged Weapons
   849 | D:1      | 849 ||| UPGRADING to +0 ring mail.
   859 | D:1      | 859 ||| DROPPING +0 leather armour.
   860 | D:1      | 860 ||| UPGRADING to +0 pair of gloves.
   865 | D:1      | 865 ||| UPGRADING to +0 cloak.
   870 | D:1      | 870 ||| READING 3 scrolls labelled ORIEBE XITE CERCH.
   871 | D:1      | 871 ||| READING 2 scrolls of identify.
   871 | D:1      | 871 ||| IDENTIFYING black potion
   872 | D:1      | 872 ||| DROPPING scroll of butterflies.
   944 | D:2      | Reached XP level 3. HP: 20/20 MP: 5/5
  1247 | D:2      | Reached skill level 7 in Ranged Weapons
  1323 | D:2      | Identified the +5 trident of Sloth {flame, Will++ rCorr
                  | Int-2 Stlth+}
  1732 | D:2      | 1732 ||| READING scroll labelled HORITAONTO.
  1885 | D:3      | Noticed a black bear
  1891 | D:3      | HP: 3/20 [black bear (5)]
  1892 | D:3      | HP: 1/20 [black bear (2)]
  1892 | D:3      | Slain by a black bear

Levels and vault maps discovered:
D:1:      roderic_octagonal_star, layout_loops_corners, minmay_tromino_v4_a
D:2:      layout_basic, minivault_23, minmay_small_reverse_x
D:3:      layout_basic, serial_shops, nicolae_lakefront_shop,
          nicolae_diamond_shop, nicolae_shop_rolled_up

Skill      XL: |  1  2  3 |
---------------+----------+-----
Ranged Weapons | 6 7 |  7.3
Fighting       | |  1.5
Dodging        | |  2.4
Stealth        | |  1.2

Action                     || total
---------------------------++-------
   Fire: Shortbow          ||   110
    Use: Scroll            ||     3
 Armour: Leather armour    ||     3
         Ring mail         ||    10
  Dodge: Dodged            ||    17

Table legend:
 A = Non-vault XP
 B = Vault XP
 C = Vault XP percentage of total XP
 D = Non-vault monster count
 E = Vault monster count
 F = Vault count percentage of total count
                 A         B        C        D         E       F
            +---------+---------+-------+---------+---------+-------
      Total |      76 |      15 |  16.5 |      32 |       8 |  20.0
            +---------+---------+-------+---------+---------+-------
        D:1 |      27 |       6 |  18.2 |      16 |       4 |  20.0
        D:2 |      44 |       9 |  17.0 |      13 |       4 |  23.5
        D:3 |       5 |       0 |   0.0 |       3 |       0 |   0.0
            +---------+---------+-------+---------+---------+-------
